Map: Rainfall LE

Players

SialicAcid

  • Race: Terran Terran
  • League: Diamond

인공지능 칸 (정예) - Winner!

  • Race: Zerg Zerg

VOD

Have the link to the VOD?

Description

Time

  • Played on: Sept. 22, 2026, 11:07 p.m.
  • Length: 7:42
Show
View Real Time Build Order
Export as new Build Order

SialicAcid Terran 

Build Orders: Reaper Expand, Banshee Rush 

Get SALT Encoding   

  12  0:00  SCV  
  13  0:12  SCV  
  14  0:17  Supply Depot  
  14  0:24  SCV  
  15  0:38  SCV  
  15  0:40  Barracks  
  16  0:43  Refinery  
  16  0:50  SCV  
  17  1:03  SCV  
  18  1:15  SCV  
  19  1:24  Reaper  
  19  1:27  Orbital Command  
  20  1:40  Command Center  
  20  1:48  Supply Depot  
  20  1:52  SCV  
  21  1:58  Marine  
  22  2:07  Factory  
  22  2:08  SCV  
  23  2:20  SCV  
  23  2:22  Barracks Reactor  
  24  2:35  Command Center  
  24  2:37  SCV  
  25  2:49  SCV  
  26  2:53  Orbital Command  
  26  2:58  Starport  
  26  3:04  SCV  
  26  3:05  Refinery  
  27  3:16  SCV  
  27  3:17  Hellion x2  
  27  3:19  Barracks Tech Lab  
  32  3:30  SCV  
  32  3:31  SCV  
  34  3:44  SCV x2  
  34  3:45  Banshee  
  39  3:48  Orbital Command  
  39  3:55  Cloaking Field  
  39  3:56  SCV x2  
  39  3:57  Hellion x2  
  39  4:00  Barracks Tech Lab  
  45  4:08  SCV x2  
  47  4:13  Supply Depot  
  47  4:15  SCV  
  48  4:20  SCV  
  48  4:21  Barracks  
  48  4:22  Barracks  
  49  4:28  Banshee  
  49  4:29  SCV x2, Marine  
  49  4:31  Factory Reactor  
  55  4:32  SCV  
  56  4:38  Refinery  
  56  4:39  Refinery  
  56  4:41  SCV  
  56  4:42  SCV  
  56  4:44  SCV  
  59  4:46  Stimpack  
  59  4:47  Marine  
  59  4:51  Engineering Bay  
  60  4:53  Engineering Bay  
  60  4:54  SCV  
  60  4:57  SCV x2  
  63  5:06  SCV  
  64  5:09  SCV  
  64  5:11  Marine  
  64  5:12  Marine x2  
  68  5:17  Marine  
  69  5:21  Supply Depot  
  69  5:22  Supply Depot, Terran Infantry Weapons Level 1  
  69  5:23  Terran Infantry Armor Level 1  
  69  5:24  Marine  
  69  5:25  SCV x2  
  69  5:28  SCV  
  73  5:29  Marine  
  73  5:30  Siege Tank, Orbital Command  
  73  5:32  Starport Reactor  
  77  5:39  Armory  
  77  5:43  Marine x3, SCV  
  77  5:47  Barracks  
  77  5:49  Barracks  
  81  5:51  Marine  
  81  5:53  Marine  
  83  5:58  SCV x2  
  83  5:59  SCV  
  86  6:04  Siege Tank  
  86  6:10  Medivac x2  
  93  6:18  Supply Depot  
  93  6:31  Supply Depot  
  93  6:35  Marine x5, Barracks Reactor, SCV x3  
  93  6:38  Barracks Reactor  
  101  6:41  Siege Tank  
  101  6:45  Medivac  
  106  6:47  SCV  
  106  6:48  Supply Depot  
  106  6:51  Refinery  
  106  6:53  Refinery  
  107  6:55  Command Center  
  107  6:58  Medivac  
  107  7:00  Marine x4  
  113  7:05  SCV x3  
  113  7:06  Marine  
  117  7:17  SCV  
  117  7:18  Marine x2  
  117  7:21  Marine x2  
  122  7:28  Barracks  
  122  7:30  Barracks  
  122  7:33  Barracks  
Show
View Real Time Build Order
Export as new Build Order

인공지능 칸 (정예) Zerg - Winner!

Build Orders: Hatch First 

Get SALT Encoding   

  12  0:00  Drone  
  13  0:12  Overlord  
  13  0:16  Drone  
  14  0:30  Drone x2  
  14  0:34  Drone  
  17  0:53  Hatchery, Drone  
  17  1:09  Spawning Pool  
  17  1:10  Extractor  
  15  1:13  Drone  
  15  1:17  Drone  
  17  1:20  Drone  
  18  1:28  Drone  
  19  1:38  Overlord  
  19  1:49  Drone  
  20  1:57  Queen  
  20  2:00  Zergling x2  
  23  2:05  Drone  
  23  2:10  Drone  
  24  2:18  Queen  
  26  2:23  Drone  
  27  2:36  Roach Warren  
  26  2:37  Extractor  
  26  2:38  Drone  
  26  2:41  Drone  
  27  2:48  Overlord  
  27  2:51  Drone  
  27  2:55  Drone  
  27  2:57  Drone  
  30  3:00  Drone  
  30  3:04  Drone  
  32  3:07  Zergling x2  
  33  3:13  Zergling x2  
  33  3:18  Roach  
  33  3:19  Roach  
  38  3:24  Roach  
  38  3:25  Drone  
  40  3:30  Roach  
  40  3:32  Drone  
  43  3:35  Drone  
  43  3:40  Overlord  
  44  3:48  Lair  
  44  3:52  Metabolic Boost  
  44  3:58  Drone  
  44  3:59  Drone  
  44  4:02  Drone  
  47  4:04  Drone  
  47  4:05  Drone  
  47  4:09  Drone  
  50  4:10  Drone  
  50  4:15  Overlord  
  51  4:18  Drone  
  51  4:23  Evolution Chamber, Drone  
  52  4:27  Evolution Chamber  
  52  4:28  Drone  
  52  4:33  Drone x2  
  52  4:37  Drone  
  55  4:40  Drone  
  55  4:41  Drone  
  55  4:43  Drone  
  58  4:49  Infestation Pit, Drone  
  58  4:50  Zerg Missile Weapons Level 1  
  58  4:54  Zerg Ground Armor Level 1  
  58  4:56  Overlord  
  58  5:00  Overlord  
  58  5:02  Roach  
  60  5:14  Extractor  
  60  5:15  Drone x2, Roach  
  60  5:17  Drone, Hydralisk Den  
  60  5:18  Drone  
  60  5:19  Drone  
  66  5:21  Drone  
  66  5:24  Overlord  
  66  5:31  Infestor  
  66  5:33  Extractor  
  66  5:34  Drone  
  68  5:36  Drone x3  
  68  5:38  Roach  
  68  5:42  Roach  
  75  5:43  Overlord  
  75  5:44  Roach  
  75  5:46  Hydralisk  
  75  5:49  Hydralisk  
  79  5:53  Roach  
  79  5:56  Drone  
  84  6:01  Drone  
  84  6:04  Overlord, Drone  
  85  6:07  Infestor  
  88  6:15  Hatchery, Ravager  
  88  6:18  Roach  
  90  6:22  Overlord  
  90  6:25  Ravager  
  91  6:27  Roach  
  91  6:31  Hydralisk  
  95  6:35  Hydralisk  
  97  6:40  Overlord  
  97  6:44  Zergling x2  
  97  6:46  Spine Crawler  
  96  6:50  Infestor  
  98  7:03  Infestor  
  98  7:06  Roach  
  98  7:07  Spine Crawler  
  101  7:08  Drone  
  101  7:13  Overlord, Roach  
  104  7:16  Roach  
  104  7:18  Overseer  
  106  7:28  Drone x2  
  106  7:29  Drone x5  
  115  7:30  Drone x2  
  115  7:36  Extractor  
  118  7:39  Baneling Nest  
  118  7:42  Extractor  
Tags
 
Add a new tag
Caveats
  • Supply blocks, unpowered buildings, or Contaminate may cause inaccurate times.
  • Supply counts are checked every 10 seconds.